AoeStats
← juanse071213

Arena

508099379Analyzed
1v1 RM · 11d ago on Sep 20, 2026· 47m 16s· 2 players
Game mode
Random Map
Map size
Tiny (2 player)
Population
200
Speed
Normal
Resources
Standard
Victory
Conquest
Starting age
Dark Age
Ending age
Imperial Age
RankedLock teamsTeams togetherTeam positionsShared explorationLock speedFull tech treeHidden civsTurbo modeCheats
Victory
Defeat
🇦🇷 Franks · Argentina
708
+17
🇨🇴 Khmer · Colombia
732
-17
COSTAMDP
0:56 Loom
3:57 Loom
11:31 Feudal Age
17:10 Castle Age
16:10 Forging
15:52 Double-Bit Axe
26:10 Scale Barding Armor
41:26 Bow Saw
juanse071213
1:21 Loom
2:02 Loom
12:06 Feudal Age
15:28 Wheelbarrow
18:46 Castle Age
16:59 Double-Bit Axe
19:02 Scale Barding Armor
19:09 Forging
19:03 Horse Collar
25:52 Husbandry
32:07 Ballistics
33:30 Iron Casting
32:56 Scale Mail Armor
33:09 Fletching
43:42 Imperial Age
41:15 Heavy Plow
41:10 Gold Mining
45:40 Conscription
Connection lost

Rejoining the realm…

Still unreachable

The connection could not be restored.

Session expired

The server has moved on; the page needs a fresh start.